 Dungeon Crawl Stone Soup version 0.31-a0-486-g8d68a81214 (webtiles) character file.

Game seed: 1347043421572934943

744 arthad the Firebug (level 7, 0/48 HPs)
             Began as a Demonspawn Fire Elementalist on Aug 8, 2023.
             Was an Initiate of Vehumet.
             Shot with an arrow by an orc warrior (19 damage)
             ... on level 4 of the Dungeon.
             The game lasted 00:15:51 (5731 turns).

arthad the Firebug (Demonspawn Fire Elementalist)   Turns: 5731, Time: 00:15:52

Health: 0/48       AC:  3    Str:  9    XL:     7   Next: 47%
Magic:  2/12       EV: 15    Int: 18    God:    Vehumet [......]
Gold:   52         SH:  0    Dex: 13    Spells: 8/13 levels left

rFire   . . .        (no weapon)
rCold   . . .        (no shield)
rNeg    . . .        a - +0 robe
rPois   .            (no helmet)
rElec   .            p - +0 cloak
rCorr   .            (no gloves)
SInv    .            (no boots)
Will    .....        (no amulet)
Stlth   ++           (no ring)
HPRegen 0.28/turn    (no ring)
MPRegen 0.13/turn

%: no passive effects
@: mighty
A: repulsion field 1, ignite blood 1, powered by pain 1, demonic touch 1
a: Renounce Religion


You were on level 4 of the Dungeon.
You worshipped Vehumet.
Vehumet was noncommittal.
You visited 1 branch of the dungeon, and saw 5 of its levels.
You also visited: Sewer.

You collected 250 gold pieces.
You spent 198 gold pieces at shops.

Inventory:

Hand Weapons
 i - a +0 dagger of venom
 y - a +2 heavy war axe
Missiles
 c - 3 poisoned darts
Armour
 a - a +0 robe (worn)
 l - a +2 leather armour of fire resistance
 p - a +0 cloak (worn)
Wands
 b - a wand of flame (16)
Scrolls
 e - 2 scrolls of identify {unknown}
 f - a scroll of summoning {unknown}
 g - a scroll of amnesia
 h - a scroll of silence {unknown}
 j - a scroll of enchant weapon {unknown}
 k - 2 scrolls of teleportation
 o - a scroll of acquirement {unknown}
 u - 2 scrolls of blinking {unknown}
 v - a scroll of fog {unknown}
 x - a scroll of noise {unknown}
Potions
 d - a potion of attraction {unknown}
 m - 2 potions of resistance {unknown}
 n - 2 potions of might
 q - 2 potions of haste {unknown}
 r - 3 potions of heal wounds
 s - 2 potions of curing
 t - a potion of cancellation {unknown}
 w - 3 potions of enlightenment {unknown}
 z - 2 potions of magic


   Skills:
 + Level 1.1 Fighting
 + Level 1.0 Armour
 + Level 3.3 Dodging
 + Level 3.6 Stealth
 * Level 3.8 Spellcasting
 * Level 3.6 Conjurations
 + Level 1.1 Translocations
 * Level 4.2 Fire Magic


You had 8 spell levels left.
You knew the following spells:

 Your Spells              Type           Power      Damage    Failure   Level
a - Foxfire               Conj/Fire      68%        2x1d7     3%          1
b - Scorch                Fire           36%        2d6       4%          2
c - Blink                 Tloc           14%        N/A       14%         2

Your spell library contained the following spells:

 Spells                   Type           Power      Damage    Failure   Level
 Momentum Strike          Conj/Tloc      24%        3d8       9%          2
 Lesser Beckoning         Tloc           14%        N/A       14%         2
 Volatile Blastmotes      Fire/Tloc      26%        2d12      16%         3
 Inner Flame              Hex/Fire       11%        N/A       19%         3
 Cigotuvi's Dreadful Rot  Necr/Pois/Air  6%         N/A       22%         2
 Flame Wave               Conj/Fire      17%        2d7       30%         4
 Dispel Undead            Necr           3%         3d7       83%         4
 Death Channel            Necr           1%         N/A       100%        6


Dungeon Overview and Level Annotations

Branches:
Dungeon (5/15)              Sewer (visited)
 Temple: D:4-7

Altars:
Gozag
Hepliaklqana
Ru
Sif Muna
Vehumet

Shops:
D:4 !


Innate Abilities, Weirdness & Mutations

You are surrounded by a mild repulsion field. (EV +2)
Your demonic aura sometimes causes spilled blood to erupt in flames.
You sometimes gain a little power by taking damage.
Your touch may inflict minor irresistible damage on your foes.


Message History

It begins to drip with poison!
The orc warrior misses you.
The orc wizard casts a spell.
The orc wizard flickers and vanishes!
Deactivating autopickup; reactivate with Ctrl-A.
The orc warrior barely misses you.
The orc warrior unwields a +0 scimitar of venom.
It stops dripping with poison.
The orc warrior wields a +0 orcbow.
The orc warrior shoots an arrow.
The arrow misses you.
The orc warrior shoots an arrow.
The arrow closely misses you.
The orc warrior shoots an arrow.
The arrow barely misses you.
You see here a +0 sling.
The orc warrior shoots an arrow.
The arrow hits you!
The orc warrior shoots an arrow.
The arrow hits you.
The orc warrior shoots an arrow.
The arrow hits you!
You focus on the pain.
You feel very mighty all of a sudden.
You are too injured to fight recklessly!
Casting: Foxfire (safe; 3% risk of failure)
Press: ? - help, Q - select action, (/) - cycle Dir - look around, f - activate You conjure some foxfire!
The foxfire hits the orc warrior but does no damage.
The orc warrior is lightly wounded.
Casting: Foxfire (safe; 3% risk of failure)
Press: ? - help, Q - select action, (/) - cycle Dir - look around, f - activate You conjure some foxfire!
The foxfire hits the orc warrior but does no damage.
The orc warrior is lightly wounded.
The foxfire hits the orc warrior but does no damage.
The orc warrior is lightly wounded.
The foxfire hits the orc warrior.
The orc warrior is moderately wounded.
Casting: Foxfire (safe; 3% risk of failure)
Press: ? - help, Q - select action, (/) - cycle Dir - look around, f - activate You conjure some foxfire!
Your foxfire dissipates!
The foxfire hits the orc warrior but does no damage.
The orc warrior is moderately wounded.
The orc warrior shoots an arrow.
The arrow barely misses you.
The orc warrior shoots an arrow.
The arrow misses you.
The orc warrior shoots an arrow.
The arrow hits you!!
You die...

#.# ##.### #.# #.#
#.# #.# ##.## ##+##
##...## ##...##
#.....# ##.....#
#.....## ##.......
#......####........
##@.......+........
#.#...####........
#.##.## ##.......
#.#### ##.....#
#..# ##...## ##.#
##'## #.# #.# #o#
#.# #{#######
###.###


You could see an orc warrior.

Vanquished Creatures
  Grinder (D:3)
  Pargi (Sewer)
  Blork the orc (D:4)
  2 scorpions (D:4)
  A hound (D:4)
  A jelly (D:4)
  Ijyb (D:3)
  5 adders
  4 gnolls (D:2)
  A river rat (D:4)
  2 worms
  2 dart slugs
  3 orcs (D:3)
  5 endoplasms
  6 giant cockroaches
  3 hobgoblins
  4 jackals (D:4)
  15 kobolds
  5 quokkas
  8 ball pythons
  4 bats
  7 frilled lizards
  5 goblins
  5 rats
92 creatures vanquished.

Vanquished Creatures (others)
  381 foxfires
381 creatures vanquished.

Grand Total: 473 creatures vanquished

Notes
Turn   | Place    | Note
-------+----------+-------------------------------------------
     0 | D:1      | arthad the Demonspawn Fire Elementalist began the quest for
                  | the Orb.
     0 | D:1      | Reached XP level 1. HP: 13/13 MP: 3/3
   391 | D:1      | Gained mutation: Your touch may inflict minor irresistible
                  | damage on your foes. [demonic ancestry]
   391 | D:1      | Reached XP level 2. HP: 19/19 MP: 1/5
   543 | D:1      | Learned a level 2 spell: Scorch
   546 | D:1      | Learned a level 2 spell: Blink
  1072 | D:1      | Found a faded altar of an unknown god.
  1444 | D:2      | Reached XP level 3. HP: 24/24 MP: 1/6
  1498 | D:2      | Reached skill level 3 in Fire Magic
  2125 | D:2      | Reached XP level 4. HP: 30/30 MP: 3/7
  2827 | D:3      | Found a radiant altar of Vehumet.
  2842 | D:3      | Became a worshipper of Vehumet
  2982 | D:3      | Noticed Ijyb
  3005 | D:3      | Killed Ijyb
  3006 | D:3      | Gained mutation: You are surrounded by a mild repulsion
                  | field. (EV +2) [demonic ancestry]
  3006 | D:3      | Reached XP level 5. HP: 23/35 MP: 0/9
  3513 | D:3      | Found a sacrificial altar of Ru.
  3711 | D:3      | Noticed Grinder
  3712 | D:3      | Found an opulent altar of Gozag.
  3756 | D:3      | Found a hazy altar of Hepliaklqana.
  3807 | D:3      | Paralysed by Grinder for 4 turns
  3815 | D:3      | Killed Grinder
  3816 | D:3      | Gained mutation: You sometimes gain a little power by
                  | taking damage. [demonic ancestry]
  3816 | D:3      | Reached XP level 6. HP: 33/41 MP: 0/10
  4125 | D:4      | Found a glowing drain.
  4130 | Sewer    | Entered a sewer
  4180 | Sewer    | Noticed Pargi
  4189 | Sewer    | Killed Pargi
  4751 | D:4      | Reached skill level 4 in Fire Magic
  4751 | D:4      | Gained mutation: Your demonic aura sometimes causes spilled
                  | blood to erupt in flames. [demonic ancestry]
  4751 | D:4      | Reached XP level 7. HP: 47/47 MP: 4/12
  4909 | D:4      | Found Lunetolo's Distillery.
  4917 | D:4      | Bought a potion of magic for 88 gold pieces
  4917 | D:4      | Bought a potion of heal wounds for 55 gold pieces
  4917 | D:4      | Bought a potion of heal wounds for 55 gold pieces
  5136 | D:4      | Noticed Blork the orc
  5145 | D:4      | Killed Blork the orc
  5146 | D:4      | Reached skill level 1 in Fighting
  5146 | D:4      | Reached skill level 1 in Translocations
  5219 | D:4      | Found a shimmering blue altar of Sif Muna.
  5371 | D:4      | Reached skill level 1 in Armour
  5703 | D:5      | Entered Level 5 of the Dungeon
  5731 | D:4      | Shot with an arrow by an orc warrior

Illustrated notes

Levels and vault maps discovered:
D:1:      kilobyte_arrival_exit_the_forest, layout_basic,
          ebering_ecumenical_altar_abandoned
D:2:      layout_loops_corners, minmay_surrounded
D:3:      layout_basic, vehumet_crystals, amcnicky_altar_gilded,
          nicolae_hepliaklqana_hippocampus, nicolae_overflow_crystal_walls,
          kennysheep_generic_room_13, uniq_grinder, uniq_ijyb
D:4:      layout_loops_corners, good_gods_temple_1, tgw_sif,
          gup_sewer_entry_bowl, serial_shops, shop, amcnicky_mini_pool_small
D:5:      layout_basic, xom_teletrap_fun, minmay_temple_entry_statues_fountains

Skill      XL: |  1  2  3  4  5  6  7 |
---------------+----------------------+-----
Stealth        | 2 3 |  3.6
Dodging        | 2 3 |  3.3
Fire Magic     | 3 4 |  4.2
Conjurations   | 2 3 |  3.6
Spellcasting   | 3 |  3.8
Fighting       | 1 |  1.1
Translocations | 1 |  1.1
Armour         | 1 |  1.0

Action                     |  1- 3 |  4- 6 |  7- 9 || total
---------------------------+-------+-------+-------++-------
  Melee: Unarmed           |     3 |     7 |     2 ||    12
         Touch             |       |     1 |       ||     1
  Throw: Dart              |       |     4 |       ||     4
   Cast: Foxfire           |    63 |   125 |    34 ||   222
         Scorch            |       |     8 |     4 ||    12
         Blink             |       |       |     1 ||     1
    Use: Potion            |       |     6 |       ||     6
         Scroll            |       |     3 |       ||     3
 Armour: Robe              |     5 |     6 |     1 ||    12
  Dodge: Dodged            |    18 |    30 |    19 ||    67

Table legend: (Time is in decaauts)
 A = Elapsed time spent in this place.
 B = Non-inter-level travel time spent in this place.
 C = Inter-level travel time spent in this place.
 D = Time resting spent in this place.
 E = Time spent auto-exploring this place.
 F = Levels seen in this place.
 G = Mean time per level.
                   A        B        C        D        E       F      G
               +--------+--------+--------+--------+--------+-----+--------+
         Total |   5751 |   5536 |    215 |      0 |   4680 |   6 |  958.5 |
       Dungeon |   5451 |   5236 |    215 |      0 |   4426 |   5 | 1090.2 |
         Sewer |    300 |    300 |      0 |      0 |    254 |   1 |  300.0 |
               +--------+--------+--------+--------+--------+-----+--------+

Top non-repeatable levels by time:
     D:2: 1427 daAuts
     D:4: 1405 daAuts
     D:1: 1312 daAuts
     D:3: 1302 daAuts
   Sewer: 300 daAuts
     D:5: 2 daAuts
